 Dungeon Crawl Stone Soup version 0.17-a0-1767-gccbed74 (webtiles) character file.

339 luca467 the Insei (level 6, 0/47 HPs)
             Began as a Demonspawn Monk on Sept 6, 2015.
             Succumbed to an adder's poison
             ... on level 4 of the Dungeon.
             The game lasted 00:19:20 (3604 turns).

luca467 the Insei (Demonspawn Monk)                 Turns: 3604, Time: 00:19:20

Health: 0/47       AC:  6    Str: 11    XL:     6   Next: 29%
Magic:  1/6        EV: 12    Int: 12    God:
Gold:   124        SH:  0    Dex: 17    Spells: 0 memorised, 5 levels left

rFire  . . .     SeeInvis .       - Unarmed
rCold  . . .     Clarity  .     b - +0 robe
rNeg   . . .     SustAt   .     (no shield)
rPois  .         Gourm    .     (helmet restricted)
rElec  .         Spirit   +     m - +0 cloak
rCorr  .         Warding  .     (no gloves)
rMut   .         Stasis   .     (no boots)
MR     .....                    (no amulet)
Stlth  ++........               (no ring)
                                (no ring)

@: lethally poisoned (0 -> -9), not resistant to hostile enchantments,
unstealthy
A: horns 1, icy blue scales 2, magic shield, rot immunity
a: no special abilities


You were on level 4 of the Dungeon.
You were not hungry.

You visited 1 branch of the dungeon, and saw 4 of its levels.

You collected 124 gold pieces.

Inventory:

Armour
 b - a +0 robe (worn)
 m - a +0 cloak (worn)
Magical devices
 i - a wand of teleportation (2)
Scrolls
 a - a scroll of fog {unknown}
 c - 5 scrolls of blinking
 g - 2 scrolls of magic mapping
 j - a scroll of amnesia
 n - a scroll of identify
 o - a scroll of immolation
 p - a scroll of teleportation
Potions
 d - 2 potions of mutation {unknown}
 e - a potion of invisibility {unknown}
 f - a potion of berserk rage {unknown}
 h - 2 potions of flight {unknown}
 k - a potion of poison {unknown}
Comestibles
 l - a bread ration


   Skills:
 - Level 3.0 Fighting
 - Level 2.6 Dodging
 - Level 1.7 Stealth
 + Level 7.0 Unarmed Combat


You had 5 spell levels left.
You didn't know any spells.

Dungeon Overview and Level Annotations

Branches:
Dungeon (4/15)
 Temple: D:4-7

Altars:
Ashenzari
Qazlal


Innate Abilities, Weirdness & Mutations

You have a pair of small horns on your head.
You are mostly covered in icy blue scales (AC +3, EV -1).
When hurt, damage is shared between your health and your magic reserves.
You are immune to rotting.


Message History

The adder bites you but does no damage.
You feel sick. The adder bites you.
* * * LOW HITPOINT WARNING * * *
* * * LOW HITPOINT WARNING * * *
You feel sick. The adder bites you but does no damage.
* * * LOW HITPOINT WARNING * * *
You feel sick. The adder bites you but does no damage. The adder bites you.
You are more poisoned.
The adder poisons you!
* * * LOW HITPOINT WARNING * * *
You feel sick. The adder barely misses you.
* * * LOW HITPOINT WARNING * * *
You feel sick. The adder barely misses you.
* * * LOW HITPOINT WARNING * * *
You feel sick. The adder bites you but does no damage.
The adder bites you but does no damage.
* * * LOW HITPOINT WARNING * * *
You feel sick. The adder bites you.
* * * LOW HITPOINT WARNING * * *
You die...

....... #
....... .#
.........# ..##
.........#
#.... .........
#...#
.........#....#
........#...#
#.......@S..#
###......#.._..
###...## .#.
#.<.## #..##
#..## #..# #..#
#..#


You could see an adder.

Vanquished Creatures
  A giant frog (D:3)
  The ghost of Conn321 the Firebug, an average DEFE (D:3)
  A hound (D:3)
  A jelly (D:3)
  6 adders
  An ooze (D:2)
  A worm (D:2)
  5 giant geckos
  9 orcs (D:3)
  A ball python (D:2)
  6 hobgoblins
  10 kobolds
  6 bats
  6 giant cockroaches
  3 giant newts
  8 goblins
  7 rats
73 creatures vanquished.

Notes
Turn   | Place    | Note
--------------------------------------------------------------
     0 | D:1      | luca467 the Demonspawn Monk began the quest for the Orb.
     0 | D:1      | Reached XP level 1. HP: 18/18 MP: 1/1
   150 | D:1      | Reached skill level 4 in Unarmed Combat
   169 | D:1      | Gained mutation: You are partially covered in icy blue scales (AC +1). [demonic ancestry]
   169 | D:1      | Reached XP level 2. HP: 21/24 MP: 2/2
   722 | D:2      | Found a stormy altar of Qazlal.
   841 | D:2      | Gained mutation: You have a pair of small horns on your head. [demonic ancestry]
   841 | D:2      | Reached XP level 3. HP: 22/29 MP: 3/3
  1336 | D:2      | Reached skill level 5 in Unarmed Combat
  1340 | D:2      | Gained mutation: You are immune to rotting. [demonic ancestry]
  1340 | D:2      | Reached XP level 4. HP: 22/35 MP: 4/4
  2079 | D:3      | Noticed Conn321's ghost (average DEFE)
  2370 | D:3      | Gained mutation: When hurt, damage is shared between your health and your magic reserves. [demonic ancestry]
  2370 | D:3      | Reached XP level 5. HP: 24/41 MP: 5/5
  2548 | D:3      | Noticed a giant frog
  2905 | D:3      | Killed Conn321's ghost
  2905 | D:3      | Reached skill level 6 in Unarmed Combat
  3325 | D:3      | Gained mutation: You are mostly covered in icy blue scales (AC +3, EV -1). [demonic ancestry]
  3325 | D:3      | Reached XP level 6. HP: 47/47 MP: 6/6
  3357 | D:3      | Killed a giant frog
  3357 | D:3      | Reached skill level 7 in Unarmed Combat
  3555 | D:4      | Found a shattered altar of Ashenzari.
  3603 | D:4      | HP: 2/47 [poisoned by an adder]
  3604 | D:4      | Succumbed to an adder's poison

Vault maps used:
D:1:      dpeg_arrival_simpleton_a
D:2:      lemuel_round_altar, dk_noncrumbling_3
D:3:      first_bread, minmay_cut_off
D:4:      serial_shops, shop, ashenzari_altar_1, uniq_natasha, uniq_edmund,
          uniq_pikel

Action                   |  1- 3 |  4- 6 || total
-------------------------+-------+-------++-------
Melee: Unarmed           |   107 |   158 ||   265
Evoke: Wand              |       |     1 ||     1
  Use: Scroll            |     3 |     4 ||     7
 Stab: Sleeping          |     3 |     4 ||     7
  Eat: Chunk             |     1 |     3 ||     4
       Bread ration      |       |     1 ||     1
